TOP OF THE 1ST |
State College Spikes batting - Pitching for West Virginia Black Bears : RHP Matt Wax
|
Pitching: RHP Matt Wax
|
|
Batting: RHB Ben Politi
|
0-0: Called Strike 0-1: Ball 1-1: Called Strike 1-2: Strikes out swinging
|
Batting: RHB Shou-feng Chang
|
0-0: Called Strike 0-1: Ball 1-1: Fly out, F8 (Flyball, 8RD, EV 95.6 MPH)
|
Batting: RHB Juan Carrillo
|
0-0: DOUBLE (Line Drive, 7LS, EV 115.6 MPH)
|
Batting: LHB Ken Morehead
|
0-0: Ball 1-0: Foul Ball, location: 2F 1-1: DOUBLE (Flyball, 78D, EV 105.6 MPH) Juan Carrillo scores
|
Batting: RHB Nelson Salamanca
|
0-0: Ball 1-0: Swinging Strike 1-1: Called Strike 1-2: Ball 2-2: Foul Ball, location: 2F 2-2: Ball 3-2: Foul Ball, location: 2F 3-2: Strikes out swinging
|
Top of the 1st over - 1 run, 2 hits, 0 errors, 1 left on base; State College 1 - West Virginia 0 |
BOTTOM OF THE 1ST |
West Virginia Black Bears batting - Pitching for State College Spikes : LHP Harry Osborne
|
Pitching: LHP Harry Osborne
|
|
Batting: SHB Don Hauk
|
0-0: Called Strike 0-1: Foul Ball, location: 2F 0-2: Ball 1-2: Strikes out swinging
|
Batting: RHB Joe Bower
|
0-0: Called Strike 0-1: Called Strike 0-2: Strikes out swinging
|
Batting: RHB Mike Weeks
|
0-0: Ball 1-0: Foul Ball, location: 2F 1-1: Foul Ball, location: 2F 1-2: Strikes out swinging
|
Bottom of the 1st over - 0 runs, 0 hits, 0 errors, 0 left on base; State College 1 - West Virginia 0 |
TOP OF THE 2ND |
State College Spikes batting - Pitching for West Virginia Black Bears : RHP Matt Wax
|
Batting: SHB Justin Houser
|
0-0: Ball 1-0: Called Strike 1-1: Ball 2-1: Ground out 5-3 (Groundball, 56S, EV 72.5 MPH)
|
Batting: RHB Sal Guzman
|
0-0: Ball 1-0: Foul Ball, location: 2F 1-1: Ground out 5-3 (Groundball, 56, EV 103.1 MPH)
|
Batting: RHB Mario Carbajal
|
0-0: Foul Ball, location: 2F 0-1: Foul Ball, location: 2F 0-2: Ball 1-2: SINGLE (Groundball, 56D, EV 106.2 MPH)
|
Batting: RHB John James
|
0-0: Called Strike 0-1: Fielders Choice at 2nd, 6-4 (Groundball, 6, EV 91.9 MPH)
|
Top of the 2nd over - 0 runs, 1 hit, 0 errors, 1 left on base; State College 1 - West Virginia 0 |
BOTTOM OF THE 2ND |
West Virginia Black Bears batting - Pitching for State College Spikes : LHP Harry Osborne
|
Batting: SHB Yutaro Takahashi
|
0-0: Ball 1-0: Ball 2-0: Ball 3-0: Called Strike 3-1: Called Strike 3-2: Fly out, F8 (Flyball, 8LD, EV 98.8 MPH)
|
Batting: RHB Sam Voss
|
0-0: SINGLE (Groundball, 34, EV 102.5 MPH)
|
Batting: SHB Rob Haney
|
0-0: Called Strike 0-1: Foul Ball, location: 2F 0-2: Strikes out looking
|
Batting: RHB Erik Mulligan
|
0-0: Ball 1-0: Ball 2-0: Swinging Strike 2-1: Swinging Strike 2-2: Fielders Choice at 2nd, 6-4 (Groundball, 6, EV 80.6 MPH)
|
Bottom of the 2nd over - 0 runs, 1 hit, 0 errors, 1 left on base; State College 1 - West Virginia 0 |
TOP OF THE 3RD |
State College Spikes batting - Pitching for West Virginia Black Bears : RHP Matt Wax
|
Batting: RHB Ben Politi
|
0-0: Swinging Strike 0-1: Ball 1-1: Swinging Strike 1-2: Strikes out swinging
|
Batting: RHB Shou-feng Chang
|
0-0: Foul Ball, location: 2F 0-1: Foul Ball, location: 2F 0-2: Strikes out swinging
|
Batting: RHB Juan Carrillo
|
0-0: Foul Ball, location: 2F 0-1: Ball 1-1: Called Strike 1-2: Ball 2-2: Ball 3-2: SINGLE (Groundball, 4MD, EV 103.1 MPH)
|
Batting: LHB Ken Morehead
|
0-0: Ball Juan Carrillo steals 2nd base 1-0: Foul Ball, location: 2F 1-1: Foul Ball, location: 2F 1-2: Strikes out swinging
|
Top of the 3rd over - 0 runs, 1 hit, 0 errors, 1 left on base; State College 1 - West Virginia 0 |
BOTTOM OF THE 3RD |
West Virginia Black Bears batting - Pitching for State College Spikes : LHP Harry Osborne
|
Batting: LHB William Matthews
|
0-0: Called Strike 0-1: Swinging Strike 0-2: Fly out, F9 (Flyball, 9S, EV 83.1 MPH)
|
Batting: RHB Francisco Santos
|
0-0: Called Strike 0-1: Called Strike 0-2: Foul Ball, location: 2F 0-2: Strikes out swinging
|
Batting: SHB Don Hauk
|
0-0: Ball 1-0: Reached on error, E5 (Groundball, 56, EV 105.6 MPH)
|
Batting: RHB Joe Bower
|
0-0: Ball Don Hauk is caught stealing 2nd base 2-4
|
Bottom of the 3rd over - 0 runs, 0 hits, 1 error, 0 left on base; State College 1 - West Virginia 0 |
TOP OF THE 4TH |
State College Spikes batting - Pitching for West Virginia Black Bears : RHP Matt Wax
|
Batting: RHB Nelson Salamanca
|
0-0: Called Strike 0-1: Foul Ball, location: 2F 0-2: Ground out 6-3 (Groundball, 6, EV 85.0 MPH)
|
Batting: SHB Justin Houser
|
0-0: Called Strike 0-1: Ball 1-1: Ball 2-1: Foul Ball, location: 2F 2-2: Foul Ball, location: 2F 2-2: Foul Ball, location: 2F 2-2: SINGLE (Groundball, 34S, EV 61.2 MPH) (infield hit)
|
Batting: RHB Sal Guzman
|
0-0: Ball 1-0: Foul Ball, location: 2F 1-1: Foul Ball, location: 2F 1-2: Ball 2-2: Strikes out swinging
|
Batting: RHB Mario Carbajal
|
0-0: Called Strike 0-1: Ball 1-1: Foul Ball, location: 2F 1-2: Ball 2-2: Foul Ball, location: 2F 2-2: Foul Ball, location: 2F 2-2: Ball 3-2: Base on Balls Justin Houser to second
|
Batting: RHB John James
|
0-0: Called Strike 0-1: Ball 1-1: Swinging Strike 1-2: Strikes out looking
|
Top of the 4th over - 0 runs, 1 hit, 0 errors, 2 left on base; State College 1 - West Virginia 0 |
BOTTOM OF THE 4TH |
West Virginia Black Bears batting - Pitching for State College Spikes : LHP Harry Osborne
|
Batting: RHB Joe Bower
|
0-0: Ball 1-0: Fly out, F9 (Line Drive, 9S, EV 96.2 MPH)
|
Batting: RHB Mike Weeks
|
0-0: Called Strike 0-1: Ball 1-1: DOUBLE (Flyball, 8LD, EV 92.5 MPH)
|
Batting: SHB Yutaro Takahashi
|
0-0: Called Strike 0-1: Swinging Strike 0-2: Foul Ball, location: 2F 0-2: Strikes out swinging
|
Batting: RHB Sam Voss
|
0-0: Ball 1-0: Called Strike 1-1: Foul Ball, location: 2F 1-2: Foul Ball, location: 2F 1-2: Ball 2-2: Foul Ball, location: 2F 2-2: Ball 3-2: Strikes out swinging
|
Bottom of the 4th over - 0 runs, 1 hit, 0 errors, 1 left on base; State College 1 - West Virginia 0 |
TOP OF THE 5TH |
State College Spikes batting - Pitching for West Virginia Black Bears : RHP Matt Wax
|
Pitching: RHP Randy Nelligan
|
|
Batting: RHB Ben Politi
|
0-0: Called Strike 0-1: Swinging Strike 0-2: Foul Ball, location: 2F 0-2: Foul Ball, location: 2F 0-2: Strikes out looking
|
Batting: RHB Shou-feng Chang
|
0-0: Ball 1-0: Ball 2-0: Fly out, F9 (Flyball, 9S, EV 96.9 MPH)
|
Batting: RHB Juan Carrillo
|
0-0: Ball 1-0: Foul Ball, location: 2F 1-1: Ball 2-1: Ball 3-1: Fly out, F4 (Popup, 4S, EV 70.0 MPH)
|
Top of the 5th over - 0 runs, 0 hits, 0 errors, 0 left on base; State College 1 - West Virginia 0 |
BOTTOM OF THE 5TH |
West Virginia Black Bears batting - Pitching for State College Spikes : LHP Harry Osborne
|
Batting: SHB Rob Haney
|
0-0: Called Strike 0-1: Hit by Pitch
|
Batting: RHB Erik Mulligan
|
0-0: Called Strike 0-1: Ball 1-1: Called Strike 1-2: Ball 2-2: Ball 3-2: SINGLE (Line Drive, 6M, EV 97.5 MPH) Rob Haney to second Rob Haney to third
|
Batting: LHB William Matthews
|
0-0: Ball 1-0: Ball 2-0: Ball 3-0: Foul Ball, location: 2F 3-1: SINGLE (Groundball, 34D, EV 96.9 MPH) Rob Haney scores Erik Mulligan to second Runner from 2nd tries for 3rd, SAFE, throw by RF made to third
|
Batting: RHB Francisco Santos
|
0-0: Called Strike 0-1: Ball 1-1: Swinging Strike 1-2: Ball 2-2: Strikes out swinging
|
Batting: SHB Don Hauk
|
0-0: Ball 1-0: Foul Ball, location: 2F 1-1: Swinging Strike 1-2: Foul Ball, location: 2F 1-2: Strikes out swinging
|
Batting: RHB Joe Bower
|
0-0: Ball 1-0: Ball 2-0: Called Strike 2-1: Foul Ball, location: 2F 2-2: Fly out, F7 (Flyball, 7S, EV 83.1 MPH)
|
Bottom of the 5th over - 1 run, 2 hits, 0 errors, 2 left on base; State College 1 - West Virginia 1 |
TOP OF THE 6TH |
State College Spikes batting - Pitching for West Virginia Black Bears : RHP Randy Nelligan
|
Batting: LHB Ken Morehead
|
0-0: Ball 1-0: Ball 2-0: Called Strike 2-1: Foul Ball, location: 2F 2-2: SOLO HOME RUN (Line Drive, 9D, EV 100.6 MPH), Distance : 403 ft
|
Batting: RHB Nelson Salamanca
|
0-0: Called Strike 0-1: Ball 1-1: Foul Ball, location: 2F 1-2: Ball 2-2: Strikes out swinging
|
Pitching: RHP Sung-jae Choo
|
|
Batting: SHB Justin Houser
|
0-0: Ball 1-0: Ball 2-0: Ball 3-0: Called Strike 3-1: Base on Balls
|
Batting: RHB Sal Guzman
|
0-0: Ball Justin Houser is caught stealing 2nd base 2-4 1-0: Ball 2-0: Fly out, F3 (Popup, 3SF, EV 83.1 MPH)
|
Top of the 6th over - 1 run, 1 hit, 0 errors, 0 left on base; State College 2 - West Virginia 1 |
BOTTOM OF THE 6TH |
West Virginia Black Bears batting - Pitching for State College Spikes : LHP Harry Osborne
|
Batting: RHB Mike Weeks
|
0-0: Ground out 6-3 (Groundball, 6, EV 100.0 MPH)
|
Batting: SHB Yutaro Takahashi
|
0-0: Foul Ball, location: 2F 0-1: SINGLE (Line Drive, 8LS, EV 102.5 MPH)
|
Batting: RHB Sam Voss
|
0-0: Ball 1-0: Called Strike 1-1: Ball 2-1: Called Strike 2-2: Foul Ball, location: 2F 2-2: Fly out, F7 (Line Drive, 7S, EV 93.1 MPH)
|
Batting: SHB Rob Haney
|
0-0: Foul Ball, location: 2F 0-1: Swinging Strike 0-2: Foul Ball, location: 2F 0-2: Ball Wild Pitch! Yutaro Takahashi to second 1-2: Ball 2-2: Strikes out looking
|
Bottom of the 6th over - 0 runs, 1 hit, 0 errors, 1 left on base; State College 2 - West Virginia 1 |
TOP OF THE 7TH |
State College Spikes batting - Pitching for West Virginia Black Bears : RHP Sung-jae Choo
|
Batting: RHB Mario Carbajal
|
0-0: Ball 1-0: Ball 2-0: Foul Ball, location: 2F 2-1: SINGLE (Line Drive, 78S, EV 91.9 MPH)
|
Batting: RHB John James
|
0-0: Swinging Strike Passed Ball! Mario Carbajal to second 0-1: Swinging Strike 0-2: Foul Ball, location: 2F 0-2: Foul Ball, location: 2F 0-2: Ball 1-2: Strikes out looking
|
Batting: RHB Ben Politi
|
0-0: Ball 1-0: Called Strike 1-1: Swinging Strike 1-2: Strikes out swinging
|
Batting: RHB Shou-feng Chang
|
0-0: Ball 1-0: Ball 2-0: Ball 3-0: Called Strike 3-1: Ground out 6-3 (Groundball, 6, EV 80.0 MPH)
|
Top of the 7th over - 0 runs, 1 hit, 0 errors, 1 left on base; State College 2 - West Virginia 1 |
BOTTOM OF THE 7TH |
West Virginia Black Bears batting - Pitching for State College Spikes : LHP Harry Osborne
|
Batting: RHB Erik Mulligan
|
0-0: Ground out 5-3 (Groundball, 5S, EV 68.1 MPH)
|
Batting: LHB William Matthews
|
0-0: Swinging Strike 0-1: Called Strike 0-2: Ball 1-2: Foul Ball, location: 2F 1-2: SINGLE (Groundball, 4MD, EV 98.1 MPH)
|
Batting: RHB Francisco Santos
|
0-0: Called Strike 0-1: Foul Ball, location: 2F 0-2: Foul Ball, location: 2F 0-2: Ball 1-2: Ball 2-2: Foul Ball, location: 2F 2-2: Strikes out swinging
|
Pitching: LHP Steve Young
|
|
Batting: SHB Don Hauk
|
0-0: Foul Ball, location: 2F 0-1: Foul Ball, location: 2F 0-2: Ground out 4-3 (Groundball, 34, EV 99.4 MPH)
|
Bottom of the 7th over - 0 runs, 1 hit, 0 errors, 1 left on base; State College 2 - West Virginia 1 |
TOP OF THE 8TH |
State College Spikes batting - Pitching for West Virginia Black Bears : RHP Sung-jae Choo
|
Pitching: RHP Onne Stubbe
|
|
Batting: RHB Juan Carrillo
|
0-0: Ball 1-0: Swinging Strike 1-1: Ball 2-1: Ball 3-1: Called Strike 3-2: Foul Ball, location: 2F 3-2: Foul Ball, location: 2F 3-2: Foul Ball, location: 2F 3-2: Base on Balls
|
Batting: LHB Ken Morehead
|
0-0: Called Strike 0-1: Swinging Strike 0-2: Grounds into double play, 4-6-3 (Groundball, 34S, EV 88.1 MPH)
|
Batting: RHB Nelson Salamanca
|
0-0: Called Strike 0-1: Called Strike 0-2: Ball 1-2: Ball 2-2: Ball 3-2: Foul Ball, location: 2F 3-2: Base on Balls
|
Batting: SHB Justin Houser
|
0-0: Swinging Strike 0-1: Ball 1-1: Foul Ball, location: 2F 1-2: Fly out, F9 (Line Drive, 9S, EV 93.1 MPH)
|
Top of the 8th over - 0 runs, 0 hits, 0 errors, 1 left on base; State College 2 - West Virginia 1 |
BOTTOM OF THE 8TH |
West Virginia Black Bears batting - Pitching for State College Spikes : LHP Steve Young
|
Batting: RHB Joe Bower
|
0-0: Ball 1-0: Ball 2-0: Called Strike 2-1: Called Strike 2-2: Ball 3-2: Foul Ball, location: 2F 3-2: Strikes out swinging
|
Batting: RHB Mike Weeks
|
0-0: Ground out 4-3 (Groundball, 4, EV 104.4 MPH)
|
Batting: SHB Yutaro Takahashi
|
0-0: Called Strike 0-1: Ground out 6-3 (Groundball, 6, EV 86.9 MPH)
|
Bottom of the 8th over - 0 runs, 0 hits, 0 errors, 0 left on base; State College 2 - West Virginia 1 |
TOP OF THE 9TH |
State College Spikes batting - Pitching for West Virginia Black Bears : RHP Onne Stubbe
|
Batting: RHB Sal Guzman
|
0-0: Called Strike 0-1: Ball 1-1: Foul Ball, location: 2F 1-2: Strikes out swinging
|
Pitching: LHP Adam Clarke
|
|
Batting: RHB Mario Carbajal
|
0-0: Called Strike 0-1: Swinging Strike 0-2: Foul Ball, location: 2F 0-2: Ball 1-2: DOUBLE (Line Drive, 89D, EV 102.5 MPH)
|
Batting: RHB John James
|
0-0: Called Strike 0-1: Ball 1-1: Swinging Strike 1-2: Foul Ball, location: 2F 1-2: Foul Ball, location: 2F 1-2: Strikes out looking
|
Batting: RHB Ben Politi
|
0-0: Foul Ball, location: 2F 0-1: Swinging Strike 0-2: Foul Ball, location: 2F 0-2: Ball 1-2: Ball 2-2: SINGLE (Line Drive, 56D, EV 98.1 MPH) Mario Carbajal to third Runner from 3rd tries for Home, SAFE, throw by LF to home
|
Batting: RHB Shou-feng Chang
|
0-0: Called Strike Ben Politi is caught stealing 2nd base 2-4
|
Top of the 9th over - 1 run, 2 hits, 0 errors, 0 left on base; State College 3 - West Virginia 1 |
BOTTOM OF THE 9TH |
West Virginia Black Bears batting - Pitching for State College Spikes : LHP Steve Young
|
Pitching: LHP Ken Compton
|
|
Now at 1B: Justin Houser
|
|
Now in LF: Edgar Klockow
|
|
Now in CF: Ben Politi
|
|
Batting: RHB Sam Voss
|
0-0: Ball 1-0: Called Strike 1-1: Fly out, F7 (Flyball, 7, EV 94.4 MPH)
|
Batting: SHB Rob Haney
|
0-0: Called Strike 0-1: Called Strike 0-2: Ball 1-2: Ball 2-2: Foul Ball, location: 2F 2-2: Strikes out looking
|
Batting: RHB Erik Mulligan
|
0-0: Ball 1-0: Called Strike 1-1: Foul Ball, location: 2F 1-2: Ball 2-2: Foul Ball, location: 2F 2-2: Ground out 6-3 (Groundball, 6, EV 101.9 MPH)
|
Bottom of the 9th over - 0 runs, 0 hits, 0 errors, 0 left on base; State College 3 - West Virginia 1 |
|